 Dungeon Crawl Stone Soup version 0.29.1-15-g9cfb28693d (webtiles) character file.

Game seed: 6134228048786291309

494 EarthwalkerPL the Covered (level 6, -14/57 HPs)
             Began as a Minotaur Fighter on Mar 18, 2023.
             Demolished by an ogre
             ... wielding a +0 giant club
              (21 damage)
             ... on level 4 of the Dungeon.
             The game lasted 00:03:20 (3390 turns).

EarthwalkerPL the Covered (Minotaur Fighter)        Turns: 3390, Time: 00:03:21

Health: -14/57     AC:  8    Str: 22    XL:     6   Next: 92%
Magic:  5/5        EV:  9    Int:  5    God:
Gold:   132        SH:  5    Dex: 10    Spells: 5/5 levels left

rFire   + . .      SeeInvis .   D - +1 broad axe (vorpal)
rCold   . . .      Faith    .   c - +0 buckler
rNeg    . . .      Spirit   .   b - +0 scale mail
rPois   .          Reflect  .   C - +1 hat
rElec   .          Harm     .   (no cloak)
rCorr   .          Rampage  .   (no gloves)
Will    .....                   (no boots)
Stlth   ..........              (no amulet)
HPRegen 0.19/turn               s - ring of protection from fire
MPRegen 0.09/turn               (no ring)

@: no status effects
A: horns 2, retaliatory headbutt
a: no special abilities


You were on level 4 of the Dungeon.
You visited 1 branch of the dungeon, and saw 4 of its levels.

You collected 132 gold pieces.

Inventory:

Hand Weapons
 a - a +0 war axe
 D - a +1 vorpal broad axe (weapon)
Missiles
 l - 9 boomerangs (quivered)
 y - 6 poisoned darts
 B - 3 atropa-tipped darts
Armour
 b - a +0 scale mail (worn)
 c - a +0 buckler (worn)
 C - a +1 hat (worn)
Jewellery
 s - a ring of protection from fire (left hand)
Wands
 z - a wand of charming (2)
Scrolls
 e - a scroll of brand weapon {unknown}
 f - a scroll of noise {unknown}
 j - 3 scrolls of vulnerability {unknown}
 m - 4 scrolls of identify {unknown}
 o - a scroll of blinking {unknown}
 p - a scroll of enchant weapon {unknown}
 q - a scroll of immolation {unknown}
 r - a scroll of teleportation {unknown}
 t - a scroll of silence {unknown}
 w - a scroll of fear {unknown}
 x - a scroll of enchant armour {unknown}
Potions
 d - 3 potions of might
 g - 2 potions of ambrosia {unknown}
 h - 2 potions of curing {unknown}
 i - 3 potions of brilliance {unknown}
 k - 4 potions of degeneration {unknown}
 n - 2 potions of mutation {unknown}
 u - 2 potions of heal wounds {unknown}
 v - a potion of attraction {unknown}
 A - a potion of berserk rage {unknown}


   Skills:
 * Level 5.8 Fighting
 * Level 5.3 Axes
 * Level 5.8 Armour
 + Level 4.9 Shields


You had 5 spell levels left.
You didn't know any spells.
Your spell library contained the following spells:

 Spells                   Type           Power      Damage    Failure   Level
 Slow                     Hex            0%         N/A       86%         1
 Confusing Touch          Hex            0%         N/A       99%         3
 Vampiric Draining        Necr           0%         2d6       99%         3
 Airstrike                Air            0%         2d(0-16)  100%        4
 Summon Lightning Spire   Summ/Air       0%         N/A       100%        4
 Lightning Bolt           Conj/Air       0%         1d11      100%        5


Dungeon Overview and Level Annotations

Branches:
Dungeon (4/15)
 Temple: D:4-7

Altars:


Innate Abilities, Weirdness & Mutations

You have a pair of horns on your head.
You reflexively headbutt those who attack you in melee.


Message History

The orc wizard gestures at you while chanting.
You resist with some effort.
You barely miss the orc wizard. Your headbutt misses the orc wizard.
The orc wizard hits you with a +0 dagger.
Unknown command.
You barely miss the orc wizard. Your headbutt misses the orc wizard.
You block the orc wizard's attack.
The orc wizard hits you but does no damage.
You barely miss the orc wizard.
The orc wizard points at you and mumbles some strange words.
The puff of flame hits you. You resist.
You barely miss the orc wizard.
The orc wizard hits you with a +0 dagger.
You barely miss the orc wizard. The orc wizard barely misses you.
You furiously retaliate!
You headbutt the orc wizard! The orc wizard closely misses you.
You closely miss the orc wizard.
The orc wizard is almost dead.
The orc wizard hits you but does no damage.
You completely miss the orc wizard.
The orc wizard is almost dead.
The orc wizard points at you and mumbles some strange words.
The puff of flame hits you. You resist.
The orc priest calls down the wrath of Beogh upon you.
Beogh smites you! The orc wizard barely misses you. You furiously retaliate!
You headbutt the orc wizard!
You kill the orc wizard!
You closely miss the ogre.
The ogre hits you with a +0 giant club!!
Ouch! That really hurt!
* * * LOW HITPOINT WARNING * * *
Okay, then.
There is an open door, spattered with blood here.
You slash the ogre!
The ogre is heavily wounded.
You block the ogre's attack.
You completely miss the ogre.
The ogre is heavily wounded.
The ogre hits you with a +0 giant club!!
You die...

####### # #.....# ..
#.....# ... #.....# ....
#.....# ..... #.....# ##
......###.....###########
..
...$.ooO@.....'..........
##
......###.....#########.#
..... #.....# #.# ## ....
###############.# .. ...
#......[..# .. ..
#......(..# .. #
#.........+ ##
#.........# #####
#.........#


You could see an ogre, an orc priest and an orc.

Vanquished Creatures
  A black bear (D:4)
  Blork the orc (D:4)
  A scorpion (D:3)
  A jelly (D:4)
  Terence (D:2)
  Natasha (thrice) (D:3)
  An orc wizard (D:4)
  An adder (D:4)
  4 gnolls (D:4)
  7 dart slugs
  2 orcs (D:4)
  7 ball pythons
  7 bats
  5 endoplasms
  5 giant cockroaches
  3 hobgoblins
  A jackal (D:1)
  5 quokkas
  2 frilled lizards (D:3)
  3 goblins
  5 kobolds
  3 rats (D:1)
69 creatures vanquished.

Notes
Turn   | Place    | Note
-------+----------+-------------------------------------------
     0 | D:1      | EarthwalkerPL the Minotaur Fighter began the quest for the
                  | Orb.
     0 | D:1      | Reached XP level 1. HP: 19/19 MP: 0/0
   266 | D:1      | Reached XP level 2. HP: 27/27 MP: 1/1
   475 | D:1      | Found a faded altar of an unknown god.
   853 | D:2      | Reached XP level 3. HP: 33/33 MP: 2/2
  1036 | D:2      | Noticed Terence
  1041 | D:2      | Killed Terence
  1761 | D:3      | Noticed Natasha
  1764 | D:3      | Killed Natasha
  1765 | D:3      | Reached XP level 4. HP: 40/41 MP: 3/3
  1783 | D:3      | Noticed a scorpion
  1794 | D:3      | Killed a scorpion
  1795 | D:3      | Reached XP level 5. HP: 47/47 MP: 4/4
  1855 | D:3      | Noticed Natasha
  1861 | D:3      | Killed Natasha
  2061 | D:3      | Noticed Natasha
  2065 | D:3      | Killed Natasha
  2066 | D:3      | Reached skill level 5 in Fighting
  2066 | D:3      | Reached skill level 5 in Armour
  2658 | D:4      | Noticed a black bear
  2667 | D:4      | Killed a black bear
  2668 | D:4      | Reached XP level 6. HP: 39/56 MP: 5/5
  2795 | D:4      | Reached skill level 5 in Axes
  3143 | D:4      | Noticed Blork the orc
  3150 | D:4      | Killed Blork the orc
  3390 | D:4      | Demolished by an ogre

Illustrated notes

Levels and vault maps discovered:
D:1:      saegor_arrival_simple_b, layout_loops_ring,
          ebering_ecumenical_altar_abandoned, minmay_split_cup_small
D:2:      layout_loops_ring, minmay_quadrilaterals, uniq_terence
D:3:      layout_basic, uniq_natasha
D:4:      layout_basic, uniq_blork_the_orc

Skill      XL: |  1  2  3  4  5  6 |
---------------+-------------------+-----
Fighting       | 4 5 |  5.8
Armour         | 4 5 |  5.8
Axes           | 3 4 5 |  5.3
Shields        | 4 |  4.9

Action                   |  1- 3 |  4- 6 || total
-------------------------+-------+-------++-------
Melee: War axe           |    62 |    67 ||   129
       Headbutt          |    12 |     9 ||    21
       Broad axe         |       |    17 ||    17
Throw: Boomerang         |       |     4 ||     4
Armor: Scale mail        |    40 |    33 ||    73
Dodge: Dodged            |    36 |    37 ||    73
Block: Buckler           |    14 |    16 ||    30
